 Dungeon Sprint DCSS version 0.30-a0-29-g142975f185 (webtiles) character file.

Game seed: 13178524824420466797

430621 enile the Conqueror (level 20, -16/194 HPs)
             Began as a Minotaur Fighter on Aug 27, 2022.
             Was an Initiate of Gozag.
             Killed by a mummy priest's death curse (19 damage)
             ... in the Dungeon (Sprint IX: "|||||||||||||||||||||||||||||").
             The game lasted 00:48:54 (21093 turns).

enile the Conqueror (Minotaur Fighter)             Turns: 21093, Time: 00:48:55

Health: -16/194    AC: 43    Str: 36    XL:     20   Next: 74%
Magic:  57/57      EV: 22    Int:  5    God:    Gozag
Gold:   3614       SH: 26    Dex: 17    Spells: 69/69 levels left

rFire   + + +      SeeInvis +    F - +6 morningstar (vorpal)
rCold   + + .      Faith    .    a - +0 tower shield {AC+3}
rNeg    . . .      Spirit   .    k - +1 crystal plate armour of Minor Irritation {Rampage Will- Dex+4 Slay+3}
rPois   +          Reflect  .    p - +0 mask of the Dragon {Will+ Slay+3 SInv}
rElec   +          Harm     .    L - scarf {rC+ rF+}
rCorr   +          Rampage  +    m - +2 pair of gloves {infuse}
Will    +....      Rage     3%   T - +0 pair of boots {rampage}
Stlth   +......... NoTele   +    P - amulet of the Median {Acrobat rPois Str+6}
HPRegen 0.42/turn                Q - ring of Ywihuh {rPois rF+ Dex+5 Slay+5}
MPRegen 0.35/turn                z - ring of Aneits {rElec MP+9 Dex-2 SInv}

@: mighty, brilliant, resistant, gold aura, hasted and slowed
A: horns 2, retaliatory headbutt, fangs 1, iridescent scales 1, berserk 1, frail
1, no potion heal 1, subdued magic 1, inability to drink after injury 1
0: Orb of Zot
}: 7/17 runes: decaying, serpentine, barnacled, slimy, elven, silver, gossamer
a: Renounce Religion, Potion Petition, Call Merchant, Bribe Branch


You were in the Dungeon.
You worshipped Gozag.
Gozag was most pleased with you.
You visited 1 branch You collected 54968 gold pieces.
You spent 12078 gold pieces at shops.
You paid 39276 gold pieces to Gozag.

Inventory:

Hand Weapons
 F - a +6 vorpal morningstar (weapon)
 S - a +4 dire flail of flaming
Missiles
 f - 3 poisoned darts (quivered)
 A - a throwing net
Armour
 a - a +0 tower shield of protection (worn)
 k - the +1 crystal plate armour of Minor Irritation (worn) {Rampage Will- Dex+4 Slay+3}
   (You bought it in a shop in the Dungeon)

   Dex:       It affects your dexterity (+4).
   Slay:      It affects your accuracy & damage with ranged weapons and melee
   (+3).
   Rampage:   It bestows one free step when moving towards enemies.
   Will:      It decreases your willpower.
 m - a +2 pair of gloves of infusion (worn)
 n - a +1 pair of boots of rampaging
 p - the +0 mask of the Dragon (worn) {Will+ Slay+3 SInv}
   (You bought it in a shop in the Dungeon)

   Slay:      It affects your accuracy & damage with ranged weapons and melee
   (+3).
   SInv:      It lets you see invisible.
   Will:      It increases your willpower.
 t - a +1 chain mail
 L - a scarf of resistance (worn)
 T - a +0 pair of boots of rampaging (worn)
Jewellery
 r - a +3 ring of strength
 s - a +3 ring of dexterity
 u - the ring of Yesterday {rN+ Dex+5 SInv}
   (You found it in the Dungeon)

   [ring of see invisible]

   Dex:       It affects your dexterity (+5).
   rN:        It protects you from negative energy.
   SInv:      It lets you see invisible.
 y - a +6 ring of strength
 z - the ring of Aneits (right hand) {rElec MP+9 Dex-2 SInv}
   (You bought it in a shop in the Dungeon)

   [ring of magical power]

   Dex:       It affects your dexterity (-2).
   rElec:     It insulates you from electricity.
   MP:        It affects your magic capacity (+9).
   SInv:      It lets you see invisible.
 C - a +4 ring of evasion
 G - a +6 ring of dexterity
 J - the ring "Syaluterph" {AC+4 Slay+3}
   (You bought it in a shop in the Dungeon)

   [ring of protection]

   AC:        It affects your AC (+4).
   Slay:      It affects your accuracy & damage with ranged weapons and melee
   (+3).
 K - a +4 ring of slaying
 N - a +6 ring of intelligence
 O - a +4 ring of slaying
 P - the amulet of the Median (around neck) {Acrobat rPois Str+6}
   (You found it in the Dungeon)

   [amulet of the acrobat]

   It increases your evasion while moving and waiting.
   Str:       It affects your strength (+6).
   rPois:     It protects you from poison.
 Q - the ring of Ywihuh (left hand) {rPois rF+ Dex+5 Slay+5}
   (You found it in the Dungeon)

   [ring of protection from fire]

   Dex:       It affects your dexterity (+5).
   Slay:      It affects your accuracy & damage with ranged weapons and melee
   (+5).
   rF:        It protects you from fire.
   rPois:     It protects you from poison.
 R - the ring "Uneuch" {Wiz rF+ SInv}
   (You found it in the Dungeon)

   [ring of wizardry]

   It improves your spell success rate.
   rF:        It protects you from fire.
   SInv:      It lets you see invisible.
 V - the ring "Ihaif" {Wiz rN+}
   (You found it in the Dungeon)

   [ring of wizardry]

   It improves your spell success rate.
   rN:        It protects you from negative energy.
Wands
 o - a wand of mindburst (6)
Scrolls
 c - a scroll of brand weapon
 j - 6 scrolls of blinking
 l - 2 scrolls of amnesia
 q - 2 scrolls of silence
 v - 4 scrolls of enchant armour
 x - 3 scrolls of fear
 D - 3 scrolls of poison
 Y - 4 scrolls of enchant weapon
 Z - a scroll of butterflies
Potions
 d - a potion of ambrosia
 e - 10 potions of curing
 g - 2 potions of brilliance
 h - 11 potions of magic
 i - 9 potions of haste
 w - a potion of might
 B - 2 potions of attraction
 E - a potion of berserk rage
 H - a potion of mutation
 I - a potion of lignification
 X - a potion of resistance
Miscellaneous
 U - a phantom mirror
 W - a box of beasts


   Skills:
 O Level 27 Fighting
 O Level 27 Maces & Flails
 O Level 27 Throwing
 O Level 27 Armour
 O Level 27 Dodging
 O Level 27 Stealth
 O Level 27 Shields
 - Level 25.1 Spellcasting
 + Level 10.3 Invocations
 O Level 27 Evocations


You had 69 spell levels left.
You didn't know any spells.
Your spell library contained the following spells:

 Spells                   Type           Power      Damage    Failure   Level
 Magic Dart               Conj           28%        1d4       14%         1
 Call Imp                 Summ           7%         N/A       22%         2
 Confusing Touch          Hex            7%         N/A       41%         3
 Conjure Flame            Conj/Fire      7%         6-21      41%         3
 Ignite Poison            Fire/Tmut/Pois 7%         N/A       41%         3
 Cause Fear               Hex            3%         N/A       83%         4
 Sticky Flame             Conj/Fire      7%         2d3       83%         4
 Lightning Bolt           Conj/Air       3%         1d15      99%         5
 Yara's Violent Unravell  Hex/Tmut       3%         3d4       99%         5
 Dragon Form              Tmut           3%         N/A       100%        7
 Enfeeble                 Hex            3%         N/A       100%        7
 Haunt                    Necr/Summ      3%         N/A       100%        7
 Dragon's Call            Summ           3%         N/A       100%        9


Dungeon Overview and Level Annotations

Branches:
Dungeon (1/1)

Altars:
Cheibriados
Dithmenos
Elyvilon
Fedhas
Gozag
Hepliaklqana
Kikubaaqudgha
Makhleb
Nemelex Xobeh
Okawaru
Qazlal
Ru
Sif Muna
Trog
Uskayaw
Vehumet
Wu Jian
Xom
Yredelemnul
Zin
The Shining One
Jiyva
Lugonu

Shops:
D =?[**[=(*?*=(*?!(([*[[(


Innate Abilities, Weirdness & Mutations

You have a pair of horns on your head.
You reflexively headbutt those who attack you in melee.
You have very sharp teeth.
You are partially covered in iridescent scales. (AC +2)
You sometimes lose your temper in combat.
You are frail. (-10% HP)
Potions are less effective at restoring your health.
Your spells are a little easier to cast, but a little less powerful.
You occasionally lose the ability to drink potions when taking damage.


Message History

Training target 10.0 for Invocations reached!
Your Invocations skill gained 3 levels and is now at level 10!
You need to enable at least one skill for training.
What are your orders? t - Shout!
Orders for allies: a - Attack new target. r - Retreat! s - Stop attacking. g - Guard the area. f - Follow me.
Anything else - Cancel.
Gang up on whom?
Press: ? - help, Dir - move target, f - mummy priest
Aim: a mummy priest (lightly damaged) Attack!
A guardian mummy comes into view.
A tormentor comes into view.
Press: ? - help, v - describe, . - travel
Here: a tormentor The floor.
Okay, then.
Okay, then.
Okay, then. [a] - 420 gold - haste and brilliance [b] - 588 gold - resistance, might, haste and brilliance [c] - 232 gold - might and brilliance Purchase which effect?
You feel protected.
You feel mightier all of a sudden.
You feel yourself speed up.
You feel clever all of a sudden.
Your primal oxfire beast breathes flames at the mummy priest.
The blast of flame hits the mummy priest!!!!
The mummy priest is destroyed!
The blast of flame hits the guardian mummy!!!!
The guardian mummy is destroyed!
You feel extremely nervous for a moment...
Pain shoots through your body!
* * * LOW HITPOINT WARNING * * *
You feel extremely nervous for a moment...
Pain shoots through your body!!
You die...
Your body crumbles into a pile of gold.

▓▓▓▓▓▓▓▓▓▓▓▓▓▓▓▓▓▓▓▓▓▓▓▓▓▓▓▓▓▓▓▓▓
..M§MB...$.$H$..@2......'........
▓▓▓▓▓▓▓▓▓▓▓▓▓▓▓▓▓▓▓▓▓▓▓▓▓▓▓▓▓▓▓▓▓
.................................
▓▓▓▓▓▓▓▓▓▓▓▓▓▓▓▓♣♣♣♣♣♣♣♣♣♣♣♣▓▓▓▓▓
'.)))))..))[[))).).)))).).)).....
▓▓▓▓▓▓▓▓▓▓▓▓▓▓▓▓♣♣♣♣♣♣♣♣♣♣♣♣▓▓▓▓▓
.................................
▓▓▓▓▓▓▓▓▓▓▓▓▓▓▓▓▓▓▓▓▓▓▓▓▓▓▓▓▓▓▓▓▓
).....)'.')'.'.....).)'..........


You could see a tormentor and a friendly primal oxfire beast (summoned).

Vanquished Creatures
  the Royal Jelly (D)
  3 pandemonium lords (D)
  5 orbs of fire (D)
  8 ancient liches (D)
  Mennas (D)
  A royal mummy (D)
  Boris (D)
  Sojobo (D)
  Margery (D)
  2 Killer Klowns (D)
  Nikola (D)
  4 golden dragons (D)
  A bone dragon (D)
  A Brimstone Fiend (D)
  An electric golem (D)
  A tentacled monstrosity (D)
  7 deep elf blademasters (D)
  31 Orb Guardians (D)
  A deep elf master archer (D)
  A quicksilver dragon (D)
  8 acid blobs (D)
  3 liches (D)
  Frances (D)
  12 sphinxes (D)
  Kirke (D)
  8 shadow dragons (D)
  A death cob (D)
  6 storm dragons (D)
  5 tengu reavers (D)
  A nagaraja (D)
  2 demonspawn warmongers (D)
  Ilsuiw (D)
  8 azure jellies (D)
  2 draconian monks (D)
  A draconian knight (D)
  4 rockslimes (D)
  2 emperor scorpions (D)
  2 frost giants (D)
  A fire giant (D)
  3 vault wardens (D)
  3 ghost moths (D)
  A cacodemon (D)
  Aizul (D)
  3 deep elf sorcerers (D)
  A balrug (D)
  2 draconian stormcallers (D)
  2 ironbound preservers (D)
  2 draconian shifters (D)
  A quicksilver ooze (D)
  4 reapers (D)
  An ironbound thunderhulk (D)
  A demonspawn corrupter (D)
  5 stone giants (D)
  2 draconian annihilators (D)
  A broodmother (D)
  2 very ugly things (D)
  A demonspawn black sun (D)
  A green draconian (D)
  7 vampire knights (D)
  7 white draconians (D)
  4 yellow draconians (D)
  2 lorocyprocas (D)
  2 dire elephants (D)
  A red draconian (D)
  An entropy weaver (D)
  2 deep elf annihilators (D)
  A purple draconian (D)
  A spark wasp (D)
  3 merfolk javelineers (D)
  Snorg (D)
  A deep elf death mage (D)
  A green death (D)
  2 mummy priests (D)
  4 merfolk impalers (D)
  4 ettins (D)
  A yaktaur captain (D)
  A great orb of eyes (D)
  5 fire dragons (D)
  Josephine (D)
  5 ice dragons (D)
  A deep elf high priest (D)
  9 hydras (D)
  A boulder beetle (D)
  25 vault guards (D)
  3 spriggan air magi (D)
  A radroach (D)
  An ironbound frostheart (D)
  4 centaur warriors (D)
  Erica (D)
  3 merfolk aquamancers (D)
  An alligator (D)
  A merfolk avatar (D)
  A dancing weapon (D)
  2 spriggan berserkers (D)
  A deep troll shaman (D)
  A deep troll earth mage (D)
  3 shock serpents (D)
  5 orc high priests (D)
  2 naga sharpshooters (D)
  A vampire mage (D)
  6 hell knights (D)
  4 sun demons (D)
  A goliath frog (D)
  A pharaoh ant (D)
  A sea snake (D)
  A glowing orange brain (D)
  7 swamp dragons (D)
  A steelbarb worm (D)
  A wizard (D)
  A bog body (D)
  A lindwurm (D)
  5 ironbound convokers (D)
  2 necromancers (D)
  A harpy (shapeshifter) (D)
  A harpy (D)
  9 orc knights (D)
  2 wolf spiders (D)
  2 cyclopes (D)
  2 ugly things (D)
  2 black mambas (D)
  14 moths of wrath (D)
  A manticore (D)
  8 elephants (D)
  A rust devil (D)
  5 naga magi (D)
  A water nymph (shapeshifter) (D)
  A torpor snail (D)
  2 vault sentinels (D)
  An orange demon (D)
  A cane toad (D)
  An efreet (D)
  A rime drake (D)
  A komodo dragon (D)
  14 guardian mummies (D)
  A tengu conjurer (D)
  A polar bear (D)
  4 merfolk (D)
  A bloated husk (D)
  A meliai (shapeshifter) (D)
  2 tyrant leeches (D)
  A meliai (D)
  A wind drake (D)
  2 hornets (D)
  4 jumping spiders (D)
  12 spriggans (D)
  2 water elementals (D)
  Grum (D)
  2 basilisks (D)
  2 yaks (D)
  4 wraiths (D)
  Eustachio (D)
  4 hogs (D)
  A neqoxec (D)
  A vampire mosquito (D)
  An acid dragon (D)
  3 hell hounds (D)
  2 water moccasins (D)
  A swamp drake (D)
  12 orc warriors (D)
  4 wolves (D)
  A centaur (D)
  2 kobold brigands (D)
  4 bullfrogs (D)
  A necrophage (D)
  A gnoll bouda (D)
  2 hounds (D)
  10 orc priests (D)
  An adder (D)
  5 orcs (D)
  2 ball pythons (D)
  An endoplasm (D)
  A hobgoblin (D)
  A frilled lizard (D)
509 creatures vanquished.

Vanquished Creatures (collateral kills)
  2 royal mummies (D)
  A Killer Klown (D)
  Frederick (D)
  An electric golem (D)
  A Tzitzimitl (D)
  A lich (D)
  An Orb Guardian (D)
  An acid blob (D)
  4 nagarajas (D)
  2 azure jellies (D)
  A ghost moth (D)
  2 ironbound preservers (D)
  A quicksilver ooze (D)
  An ironbound thunderhulk (D)
  A green draconian (D)
  A white draconian (D)
  4 mummy priests (D)
  3 ironbound frosthearts (D)
  A hell beast (D)
  A naga warrior (D)
  A moth of wrath (D)
  2 vault sentinels (D)
  3 naga magi (D)
  5 guardian mummies (D)
  A slime creature (D)
  2 nagas (D)
  A quasit (D)
46 creatures vanquished.

Vanquished Creatures (others)
  A sixfirhy (D)
  A cyclops (D)
  A moth of wrath (D)
  A ynoxinul (D)
  2 humans (D)
6 creatures vanquished.

Grand Total: 561 creatures vanquished

Notes
Turn   | Place    | Note
-------+----------+-------------------------------------------
     0 | D        | enile the Minotaur Fighter began the quest for the Orb.
     0 | D        | Reached XP level 1. HP: 19/19 MP: 0/0
     9 | D        | Reached skill level 5 in Fighting
    73 | D        | Noticed a gnoll bouda
    73 | D        | Noticed a hound
    73 | D        | Noticed a necrophage
    73 | D        | Noticed a hound
    78 | D        | Reached XP level 2. HP: 31/31 MP: 1/1
    81 | D        | Reached XP level 3. HP: 42/42 MP: 2/2
    82 | D        | Killed a necrophage
    83 | D        | Reached skill level 10 in Fighting
    83 | D        | Reached XP level 4. HP: 51/51 MP: 3/3
    87 | D        | Reached skill level 5 in Dodging
    90 | D        | Reached XP level 5. HP: 46/58 MP: 4/4
   159 | D        | Found a snail-covered altar of Cheibriados.
   159 | D        | Found a shadowy altar of Dithmenos.
   159 | D        | Found a white marble altar of Elyvilon.
   159 | D        | Found a blossoming altar of Fedhas.
   159 | D        | Found an opulent altar of Gozag.
   160 | D        | Found a hazy altar of Hepliaklqana.
   161 | D        | Found a viscous altar of Jiyva.
   162 | D        | Found an ancient bone altar of Kikubaaqudgha.
   163 | D        | Found a corrupted altar of Lugonu.
   164 | D        | Found a burning altar of Makhleb.
   165 | D        | Found a sparkling altar of Nemelex Xobeh.
   166 | D        | Found an iron altar of Okawaru.
   167 | D        | Found a stormy altar of Qazlal.
   168 | D        | Found a sacrificial altar of Ru.
   169 | D        | Found a shimmering blue altar of Sif Muna.
   170 | D        | Found a bloodstained altar of Trog.
   175 | D        | Became a worshipper of Gozag Ym Sagoz the Greedy
   180 | D        | Found a hide-covered altar of Uskayaw.
   181 | D        | Found a radiant altar of Vehumet.
   182 | D        | Found an ornate altar of the Wu Jian Council.
   183 | D        | Found a shimmering altar of Xom.
   184 | D        | Found a basalt altar of Yredelemnul.
   185 | D        | Found a glowing silver altar of Zin.
   186 | D        | Found a glowing golden altar of the Shining One.
   228 | D        | Noticed a hornet
   228 | D        | Noticed a centaur
   228 | D        | Noticed an orc warrior
   228 | D        | Noticed a yak
   237 | D        | Killed a yak
   238 | D        | Reached skill level 10 in Dodging
   238 | D        | Reached XP level 6. HP: 17/66 MP: 5/5
   240 | D        | Killed an orc warrior
   241 | D        | Reached skill level 5 in Armour
   249 | D        | Reached XP level 7. HP: 41/74 MP: 6/6
   251 | D        | Killed a hornet
   435 | D        | Noticed a six-headed hydra
   435 | D        | Noticed a centaur warrior
   435 | D        | Noticed a centaur warrior
   435 | D        | Noticed a cyclops
   435 | D        | Noticed a cyclops
   435 | D        | Noticed a centaur warrior
   442 | D        | Killed a centaur warrior
   443 | D        | Reached skill level 15 in Fighting
   443 | D        | Reached XP level 8. HP: 75/91 MP: 7/7
   445 | D        | Killed a cyclops
   446 | D        | Killed a cyclops
   447 | D        | Reached skill level 10 in Armour
   454 | D        | Killed a centaur warrior
   455 | D        | Reached XP level 9. HP: 42/100 MP: 8/8
   534 | D        | Killed a centaur warrior
   767 | D        | Killed a six-headed hydra
  1042 | D        | Noticed a komodo dragon
  1044 | D        | Noticed a black mamba
  1047 | D        | Noticed a six-headed hydra
  1048 | D        | Killed a komodo dragon
  1058 | D        | Reached XP level 10. HP: 34/111 MP: 9/9
  1062 | D        | Killed a six-headed hydra
  1357 | D        | Killed a black mamba
  1358 | D        | Reached skill level 10 in Maces & Flails
  1557 | D        | Noticed a cane toad
  1557 | D        | Noticed an eight-headed hydra
  1565 | D        | Noticed a lindwurm
  1572 | D        | Killed an eight-headed hydra
  1577 | D        | Killed a cane toad
  1802 | D        | Killed a lindwurm
  1803 | D        | Reached skill level 15 in Maces & Flails
  1967 | D        | Noticed an elephant
  1967 | D        | Noticed an elephant
  1967 | D        | Noticed an elephant
  1967 | D        | Noticed an elephant
  1967 | D        | Noticed an elephant
  1967 | D        | Noticed an elephant
  1983 | D        | Killed an elephant
  1984 | D        | Reached XP level 11. HP: 76/117 MP: 10/10
  2219 | D        | Bought a +6 ring of strength for 396 gold pieces
  2219 | D        | Bought the ring of Aneits {rElec MP+9 Dex-2 SInv} for 374
                  | gold pieces
  2442 | D        | Bought a potion of berserk rage for 75 gold pieces
  2442 | D        | Bought a potion of attraction for 45 gold pieces
  2442 | D        | Bought a scroll of identify for 30 gold pieces
  2442 | D        | Bought a scroll of immolation for 60 gold pieces
  2442 | D        | Bought a scroll of poison for 60 gold pieces
  2475 | D        | Noticed Eustachio
  2484 | D        | Killed Eustachio
  2566 | D        | Noticed Josephine
  2574 | D        | Killed Josephine
  2575 | D        | Reached skill level 10 in Evocations
  2655 | D        | Noticed Grum
  2662 | D        | Killed Grum
  2756 | D        | Noticed Erica
  2765 | D        | Killed Erica
  2989 | D        | Noticed a stone giant
  2989 | D        | Noticed an orc knight
  2993 | D        | Killed an orc knight
  3005 | D        | Killed a stone giant
  3449 | D        | Noticed an orc knight
  3449 | D        | Noticed an orc knight
  3452 | D        | Bought a runed morningstar for 126 gold pieces
  3454 | D        | Bought a scroll of summoning for 161 gold pieces
  3454 | D        | Bought a scroll of blinking for 127 gold pieces
  3454 | D        | Bought a scroll of enchant weapon for 127 gold pieces
  3454 | D        | Bought a scroll of blinking for 127 gold pieces
  3702 | D        | Killed an orc knight
  4325 | D        | Killed an orc knight
  4422 | D        | Reached XP level 12. HP: 101/133 MP: 11/11
  4843 | D        | Found Guskil's Distillery.
  4843 | D        | Noticed an orc high priest
  4843 | D        | Noticed an orc high priest
  4844 | D        | Noticed an orc high priest
  4854 | D        | Killed an orc high priest
  4862 | D        | Killed an orc high priest
  4863 | D        | Reached skill level 15 in Armour
  5358 | D        | Killed an orc high priest
  5413 | D        | Noticed an orc high priest
  5424 | D        | Killed an orc high priest
  5429 | D        | Reached skill level 5 in Stealth
  5572 | D        | Found Fucs's Jewellery Shop.
  5576 | D        | Found Doyluxt's Assorted Antiques.
  5580 | D        | Found Cinkovu's Antique Armour Shop.
  5583 | D        | Bought a potion of ambrosia for 96 gold pieces
  5583 | D        | Bought a potion of resistance for 120 gold pieces
  5583 | D        | Bought a potion of invisibility for 96 gold pieces
  5583 | D        | Bought 2 potions of mutation for 192 gold pieces
  5583 | D        | Bought a potion of lignification for 36 gold pieces
  5583 | D        | Bought a potion of curing for 36 gold pieces
  5585 | D        | Bought the ring "Syaluterph" {AC+4 Slay+3} for 556 gold
                  | pieces
  5585 | D        | Bought a +4 ring of slaying for 780 gold pieces
  5585 | D        | Noticed an orc high priest
  5599 | D        | Killed an orc high priest
  5640 | D        | Bought an embroidered scarf for 256 gold pieces
  5640 | D        | Bought a scroll of poison for 128 gold pieces
  5640 | D        | Bought a scroll labelled NIRUACWUOMOU for 32 gold pieces
  5640 | D        | Bought a tubular tourmaline ring for 160 gold pieces
  5640 | D        | Bought a scroll of identify for 64 gold pieces
  5682 | D        | Bought a potion of attraction for 36 gold pieces
  5862 | D        | Gained mutation: Armour fits poorly on your strangely
                  | shaped body. [potion of mutation]
  5862 | D        | Gained mutation: You are agile. (Dex +4, Str/Int -1)
                  | [potion of mutation]
  5863 | D        | Lost mutation: You are agile. (Dex +4, Str/Int -1) [potion
                  | of mutation]
  5863 | D        | Lost mutation: Armour fits poorly on your strangely shaped
                  | body. [potion of mutation]
  5863 | D        | Gained mutation: You are partially covered in iridescent
                  | scales. (AC +2) [potion of mutation]
  5863 | D        | Gained mutation: You are weak. (Str -2) [potion of
                  | mutation]
  5863 | D        | Gained mutation: Your system is resistant to poisons.
                  | (rPois) [potion of mutation]
  5864 | D        | Lost mutation: Your system is resistant to poisons. (rPois)
                  | [potion of mutation]
  5864 | D        | Lost mutation: You are weak. (Str -2) [potion of mutation]
  5864 | D        | Gained mutation: You have very sharp teeth. [potion of
                  | mutation]
  5874 | D        | Noticed a centaur warrior
  5874 | D        | Noticed a boulder beetle
  5883 | D        | Killed a boulder beetle
  5890 | D        | Noticed a fire dragon
  5890 | D        | Noticed a tengu reaver
  5891 | D        | Noticed an ettin
  5894 | D        | Killed a centaur warrior
  5894 | D        | Noticed a tengu reaver
  5898 | D        | Noticed an ice dragon
  5902 | D        | Noticed a fire dragon
  5911 | D        | Killed a fire dragon
  5914 | D        | Killed a tengu reaver
  5915 | D        | Noticed a tengu reaver
  6280 | D        | Killed an ettin
  6293 | D        | Killed a tengu reaver
  6547 | D        | Killed an ice dragon
  6548 | D        | Reached XP level 13. HP: 106/145 MP: 12/12
  6556 | D        | Killed a fire dragon
  6557 | D        | Reached skill level 15 in Dodging
  6650 | D        | Killed a tengu reaver
  6990 | D        | Bought a +2 pair of gloves of infusion for 365 gold pieces
  6990 | D        | Bought a potion of might for 68 gold pieces
  6990 | D        | Bought a scroll of butterflies for 68 gold pieces
  7165 | D        | Bought a pair of scorched boots for 190 gold pieces
  7165 | D        | Identified the +1 pair of boots "Hoidoox" {Drain rC+ Dex+6}
                  | (You bought it in a shop in the Dungeon)
  7283 | D        | Noticed a broodmother
  7301 | D        | Killed a broodmother
  7597 | D        | Bought a jewelled crystal plate armour for 1700 gold pieces
  7597 | D        | Identified the +1 crystal plate armour of Minor Irritation
                  | {Rampage Will- Dex+4 Slay+3} (You bought it in a shop in
                  | the Dungeon)
  8043 | D        | Noticed Aizul
  8051 | D        | Killed Aizul
  8052 | D        | Reached skill level 15 in Evocations
  8274 | D        | Noticed a red very ugly thing
  8274 | D        | Noticed a spark wasp
  8274 | D        | Noticed a stone giant
  8281 | D        | Killed a stone giant
  8288 | D        | Killed a red very ugly thing
  8299 | D        | Reached XP level 14. HP: 154/154 MP: 5/13
  8305 | D        | Noticed a vampire knight
  8320 | D        | Noticed a golden dragon
  8320 | D        | Noticed a vampire knight
  8331 | D        | Paralysed by a vampire knight for 3 turns
  8337 | D        | Paralysed by a vampire knight for 4 turns
  8377 | D        | Paralysed by a vampire knight for 2 turns
  8381 | D        | Killed a vampire knight
  8383 | D        | HP: 9/232 [vampire knight/vampiric draining (10)]
  8384 | D        | Killed a vampire knight
  8971 | D        | Killed a golden dragon
  9253 | D        | Noticed an ironbound thunderhulk
  9253 | D        | Noticed an ironbound preserver
  9255 | D        | Bought a scroll of blinking for 75 gold pieces
  9255 | D        | Bought a potion of might for 40 gold pieces
  9255 | D        | Bought a potion of heal wounds for 50 gold pieces
  9255 | D        | Bought a scroll of brand weapon for 95 gold pieces
  9255 | D        | Bought a box of beasts for 400 gold pieces
  9258 | D        | Reached skill level 10 in Throwing
  9258 | D        | Killed an ironbound thunderhulk
  9259 | D        | Noticed an ironbound preserver
  9266 | D        | Killed an ironbound preserver
  9267 | D        | Killed an ironbound preserver
  9273 | D        | Noticed an ironbound preserver
  9274 | D        | Noticed an ironbound preserver
  9289 | D        | Killed an ironbound preserver
  9294 | D        | Killed an ironbound preserver
  9297 | D        | Noticed an ironbound thunderhulk
  9310 | D        | Killed an ironbound thunderhulk
  9808 | D        | Noticed a vault warden
  9816 | D        | Killed a vault warden
  9977 | D        | Noticed Kirke
  9987 | D        | Killed Kirke
 10202 | D        | Noticed Margery
 10733 | D        | Killed Margery
 10734 | D        | Reached skill level 10 in Shields
 10734 | D        | Reached XP level 15. HP: 106/169 MP: 14/14
 10984 | D        | Noticed Nikola
 10994 | D        | Killed Nikola
 11078 | D        | Noticed Frederick
 11079 | D        | Noticed Boris
 11090 | D        | Killed Frederick
 11091 | D        | Reached skill level 15 in Shields
 11104 | D        | Killed Boris
 11261 | D        | Noticed an emperor scorpion
 11289 | D        | Killed an emperor scorpion
 11660 | D        | Noticed an emperor scorpion
 11677 | D        | Killed an emperor scorpion
 11682 | D        | Got a gossamer rune of Zot
 11810 | D        | Noticed a nagaraja
 11810 | D        | Noticed a nagaraja
 11814 | D        | Killed a nagaraja
 11816 | D        | Killed a nagaraja
 11819 | D        | Noticed a nagaraja
 11821 | D        | Killed a nagaraja
 11823 | D        | Noticed a nagaraja
 11827 | D        | Noticed a nagaraja
 11828 | D        | Killed a nagaraja
 11829 | D        | Killed a nagaraja
 11848 | D        | Got a serpentine rune of Zot
 11874 | D        | Bought a scroll of acquirement for 624 gold pieces
 11874 | D        | Bought 3 scrolls of butterflies for 144 gold pieces
 11874 | D        | Bought a scroll of silence for 114 gold pieces
 11874 | D        | Bought a scroll of immolation for 48 gold pieces
 11874 | D        | Bought a scroll of brand weapon for 114 gold pieces
 11874 | D        | Acquired 880 gold pieces
 11901 | D        | Reached skill level 27 in Fighting
 12206 | D        | Got a decaying rune of Zot
 12240 | D        | Noticed Ilsuiw
 12256 | D        | Killed Ilsuiw
 12280 | D        | Reached XP level 16. HP: 147/183 MP: 1/15
 12421 | D        | Got a barnacled rune of Zot
 12509 | D        | Noticed Snorg
 12513 | D        | Killed Snorg
 12560 | D        | Reached skill level 27 in Armour
 12765 | D        | Bought a potion of heal wounds for 50 gold pieces
 12765 | D        | Bought a potion of haste for 100 gold pieces
 12765 | D        | Bought a potion of berserk rage for 50 gold pieces
 12765 | D        | Bought a potion of curing for 30 gold pieces
 12765 | D        | Bought a potion of might for 40 gold pieces
 12765 | D        | Bought a potion of cancellation for 80 gold pieces
 12955 | D        | Noticed a shadow dragon
 12977 | D        | Killed a shadow dragon
 12981 | D        | Noticed a shadow dragon
 12989 | D        | Reached skill level 27 in Dodging
 12992 | D        | Noticed a shadow dragon
 13001 | D        | Killed a shadow dragon
 13012 | D        | Killed a shadow dragon
 13406 | D        | Noticed a shadow dragon
 13406 | D        | Noticed a shadow dragon
 13406 | D        | Noticed an ancient lich
 13406 | D        | Noticed a shadow dragon
 13407 | D        | Noticed a lich
 13441 | D        | Killed an ancient lich
 13735 | D        | Killed a shadow dragon
 13738 | D        | Killed a shadow dragon
 13741 | D        | Killed a shadow dragon
 13748 | D        | Killed a lich
 13825 | D        | Noticed a shadow dragon
 13836 | D        | Killed a shadow dragon
 13889 | D        | Got Veash's Meditations on Energetic Clouds
 13891 | D        | Got Mara's Lessons on Allies
 13893 | D        | Got a silver rune of Zot
 13894 | D        | Identified the +4 plate armour of the Pleiades {-Tele rElec
                  | rPois SInv}
 13941 | D        | Noticed Mennas
 13963 | D        | Killed Mennas
 14185 | D        | Noticed a tengu reaver
 14186 | D        | Noticed Sojobo
 14187 | D        | Noticed a tengu reaver
 14194 | D        | Killed a tengu reaver
 14194 | D        | Paralysed by an air elemental for 1 turns
 14198 | D        | Paralysed by an air elemental for 1 turns
 14311 | D        | Killed Sojobo
 14312 | D        | Reached skill level 27 in Shields
 14312 | D        | Reached XP level 17. HP: 96/191 MP: 16/16
 14627 | D        | Got the ring of Yesterday {rN+ Dex+5 SInv}
 14629 | D        | Got the ring "Ihaif" {Wiz rN+}
 14637 | D        | Got the amulet of the Median {Acrobat rPois Str+6}
 14644 | D        | Got the ring of Ywihuh {rPois rF+ Dex+5 Slay+5}
 14648 | D        | Got the ring "Uneuch" {Wiz rF+ SInv}
 14723 | D        | Noticed Frances
 14730 | D        | Killed Frances
 15063 | D        | Noticed a bone dragon
 15072 | D        | Noticed a golden dragon
 15085 | D        | Killed a bone dragon
 15103 | D        | Killed a golden dragon
 15264 | D        | Bought a potion of might for 80 gold pieces
 15547 | D        | Noticed a tentacled monstrosity
 15547 | D        | Noticed a Killer Klown
 15554 | D        | Reached skill level 27 in Evocations
 15555 | D        | Killed a tentacled monstrosity
 15568 | D        | Killed a Killer Klown
 15900 | D        | Noticed an orb of fire
 15920 | D        | Killed an orb of fire
 16313 | D        | Noticed an Orb Guardian
 16313 | D        | Noticed an Orb Guardian
 16313 | D        | Noticed an Orb Guardian
 16313 | D        | Noticed an Orb Guardian
 16313 | D        | Noticed an Orb Guardian
 16313 | D        | Noticed an Orb Guardian
 16317 | D        | Killed an Orb Guardian
 16318 | D        | Reached skill level 27 in Maces & Flails
 16319 | D        | Killed an Orb Guardian
 16320 | D        | Noticed an Orb Guardian
 16321 | D        | Killed an Orb Guardian
 16328 | D        | Killed an Orb Guardian
 16329 | D        | Reached XP level 18. HP: 154/200 MP: 16/17
 16331 | D        | Killed an Orb Guardian
 16332 | D        | Reached skill level 15 in Throwing
 16337 | D        | Killed an Orb Guardian
 16343 | D        | Killed an Orb Guardian
 16346 | D        | Noticed an Orb Guardian
 16347 | D        | Noticed an Orb Guardian
 16347 | D        | Noticed an Orb Guardian
 16350 | D        | Killed an Orb Guardian
 16355 | D        | Killed an Orb Guardian
 16359 | D        | Killed an Orb Guardian
 16495 | D        | Noticed a golden dragon
 16495 | D        | Noticed an Orb Guardian
 16495 | D        | Noticed an Orb Guardian
 16496 | D        | Noticed an Orb Guardian
 16499 | D        | Noticed an Orb Guardian
 16505 | D        | Killed an Orb Guardian
 16509 | D        | Killed an Orb Guardian
 16518 | D        | Killed a golden dragon
 16521 | D        | Killed an Orb Guardian
 16524 | D        | Killed an Orb Guardian
 16635 | D        | Noticed an ancient lich
 16651 | D        | Killed an ancient lich
 16695 | D        | Noticed an orb of fire
 16695 | D        | Gained mutation: You occasionally lose the ability to drink
                  | potions when taking damage. [an orb of fire]
 16769 | D        | Killed an orb of fire
 16965 | D        | Noticed an electric golem
 16968 | D        | Killed an electric golem
 16985 | D        | Noticed an Orb Guardian
 16985 | D        | Noticed a Killer Klown
 16985 | D        | Noticed an ancient lich
 16985 | D        | Noticed a Killer Klown
 16988 | D        | Noticed an orb of fire
 17000 | D        | Killed an ancient lich
 17001 | D        | Gained mutation: Your spells are a little easier to cast,
                  | but a little less powerful. [an orb of fire]
 17001 | D        | Gained mutation: You are frail. (-10% HP) [an orb of fire]
 17006 | D        | Killed a Killer Klown
 17009 | D        | Killed a Killer Klown
 17009 | D        | Killed an Orb Guardian
 17012 | D        | Noticed an electric golem
 17013 | D        | Gained mutation: You sometimes lose your temper in combat.
                  | [an orb of fire]
 17018 | D        | Killed an orb of fire
 17019 | D        | Reached skill level 27 in Throwing
 17022 | D        | Noticed an orb of fire
 17025 | D        | Noticed an orb of fire
 17026 | D        | Gained mutation: Potions are less effective at restoring
                  | your health. [an orb of fire]
 17030 | D        | Noticed a golden dragon
 17031 | D        | Killed an electric golem
 17045 | D        | Killed an orb of fire
 17057 | D        | Killed an orb of fire
 17058 | D        | Killed a golden dragon
 17468 | D        | Noticed an Orb Guardian
 17468 | D        | Noticed an Orb Guardian
 17468 | D        | Noticed an Orb Guardian
 17468 | D        | Noticed an Orb Guardian
 17468 | D        | Noticed an Orb Guardian
 17468 | D        | Noticed an Orb Guardian
 17470 | D        | Bought the +0 mask of the Dragon {Will+ Slay+3 SInv} for
                  | 1269 gold pieces
 17470 | D        | Found the +0 mask of the Dragon {Will+ Slay+3 SInv}
 17470 | D        | Bought a pair of embroidered gloves for 285 gold pieces
 17478 | D        | Killed an Orb Guardian
 17481 | D        | Noticed an Orb Guardian
 17482 | D        | Killed an Orb Guardian
 17483 | D        | Reached skill level 15 in Stealth
 17486 | D        | Killed an Orb Guardian
 17489 | D        | Killed an Orb Guardian
 17495 | D        | Killed an Orb Guardian
 17499 | D        | Killed an Orb Guardian
 17500 | D        | Noticed an Orb Guardian
 17503 | D        | Killed an Orb Guardian
 17504 | D        | Noticed an Orb Guardian
 17507 | D        | Noticed an Orb Guardian
 17507 | D        | Noticed an Orb Guardian
 17509 | D        | Killed an Orb Guardian
 17510 | D        | Noticed an Orb Guardian
 17513 | D        | Killed an Orb Guardian
 17514 | D        | Reached XP level 19. HP: 184/186 MP: 6/18
 17789 | D        | Noticed an ancient lich
 17789 | D        | Noticed an ancient lich
 17792 | D        | Killed an ancient lich
 17797 | D        | Noticed an ancient lich
 17799 | D        | Noticed an ancient lich
 17806 | D        | Killed an ancient lich
 17808 | D        | Noticed an ancient lich
 17811 | D        | Killed an ancient lich
 17824 | D        | Bought an embroidered cloak for 172 gold pieces
 17837 | D        | Killed an ancient lich
 17842 | D        | Killed an ancient lich
 18104 | D        | Reached skill level 27 in Stealth
 18113 | D        | Reached skill level 5 in Spellcasting
 18133 | D        | Got an elven rune of Zot
 18252 | D        | Got the Orb of Zot
 18373 | D        | Bought a scroll of acquirement for 624 gold pieces
 18373 | D        | Bought a scroll of blinking for 90 gold pieces
 18373 | D        | Bought a scroll of blinking for 90 gold pieces
 18373 | D        | Bought a scroll of poison for 48 gold pieces
 18373 | D        | Bought a scroll of silence for 114 gold pieces
 18373 | D        | Acquired 652 gold pieces
 18588 | D        | Reached skill level 10 in Spellcasting
 18664 | D        | Noticed the Royal Jelly
 18691 | D        | Killed the Royal Jelly
 18692 | D        | Reached skill level 15 in Spellcasting
 18726 | D        | Got a slimy rune of Zot
 18995 | D        | Reached XP level 20. HP: 194/194 MP: 39/39
 19205 | D        | Bought a pair of glowing boots for 225 gold pieces
 19307 | D        | Noticed Sutimu the pandemonium lord
 19317 | D        | Killed Sutimu the pandemonium lord
 19400 | D        | Noticed Soacam the pandemonium lord
 19419 | D        | Killed Soacam the pandemonium lord
 19428 | D        | Bought a dazzling flail for 340 gold pieces
 19428 | D        | Identified the +9 flail of Abuse {vorpal, *Noise rF+++
                  | Str-4 Int+6} (You bought it in a shop in the Dungeon)
 20621 | D        | Noticed Irace the pandemonium lord
 20624 | D        | Killed Irace the pandemonium lord
 21022 | D        | Noticed a royal mummy
 21022 | D        | Noticed a royal mummy
 21022 | D        | Noticed a royal mummy
 21042 | D        | Killed a royal mummy
 21066 | D        | Killed a royal mummy
 21086 | D        | HP: 6/194 [??? (4)]
 21090 | D        | Killed a royal mummy
 21091 | D        | Reached skill level 10 in Invocations
 21093 | D        | HP: 3/194 [something (12)]
 21093 | D        | Killed by a mummy priest's death curse

Illustrated notes

Levels and vault maps discovered:
D:        linesprint [early_d, line_temple, items_1, d_10, items_2, lair_1,
          lair_end, items_3, orc_1, orc_end, items_4, d_15, swamp_1, shoals_1,
          snake_1, spider_1, d_20, vaults_1, items_5, swamp_end, shoals_end,
          snake_end, spider_end, vaults_end, d_27, items_6, zot_1, zot_end,
          crypt_end, forest_end, elf_end, slime_end, tomb_end, abyss_end,
          pan_hell_end]

Skill      XL: |  1  2  3  4  5  6  7  8  9 10 11 12 13 14 15 16 17 18 19 20 |
---------------+-------------------------------------------------------------+-----
Fighting       | 6 9 10 11 15 16 17 20 22 25 27 | 27.0
Dodging        | 4 7 10 12 14 19 21 27 | 27.0
Evocations     | 4 6 9 13 15 17 20 27 | 27.0
Armour         | 7 10 14 16 21 22 25 27 | 27.0
Shields        | 6 10 18 27 | 27.0
Stealth        | 3 5 18 27 | 27.0
Throwing       | 3 6 9 12 14 27 | 27.0
Maces & Flails | 4 16 18 19 27 | 27.0
Spellcasting   | 16 25 | 25.1
Invocations    | 10 | 10.3

Action                   |  1- 3 |  4- 6 |  7- 9 | 10-12 | 13-15 | 16-18 | 19-21 || total
-------------------------+-------+-------+-------+-------+-------+-------+-------++-------
Melee: Flail             |    20 |    18 |    23 |       |       |       |       ||    61
       Headbutt          |     1 |     2 |    13 |    91 |   136 |   190 |    96 ||   529
       Dire flail        |       |       |    13 |   300 |   278 |       |       ||   591
       Bite              |       |       |       |    10 |    73 |   114 |    62 ||   259
       Morningstar       |       |       |       |       |   181 |   630 |   417 ||  1228
Throw: Dart              |       |       |       |    11 |    13 |     1 |       ||    25
Invok: Call Merchant     |       |       |       |     5 |     5 |     6 |     4 ||    20
       Potion Petition   |       |       |       |       |     2 |       |     1 ||     3
Evoke: Wand              |       |     2 |     5 |     3 |       |     4 |       ||    14
       Box of beasts     |       |       |       |       |     9 |     9 |    10 ||    28
       Phantom mirror    |       |       |       |       |       |    17 |    11 ||    28
  Use: Potion            |       |     3 |     4 |     7 |    13 |     6 |     8 ||    41
       Scroll            |       |       |       |     7 |    14 |     5 |     3 ||    29
 Stab: Invisible         |       |       |     2 |       |       |       |       ||     2
       Sleeping          |       |       |       |     1 |       |       |       ||     1
       Distracted        |       |       |       |       |     4 |    11 |     5 ||    20
Armor: Scale mail        |    13 |     1 |       |       |       |       |       ||    14
       Chain mail        |       |    10 |    32 |    53 |       |       |       ||    95
       Shadow dragon sca |       |       |       |    15 |    53 |       |       ||    68
       Crystal plate arm |       |       |       |       |   215 |   162 |    75 ||   452
       Skin              |       |       |       |       |       |       |    10 ||    10
Dodge: Dodged            |     9 |    14 |    28 |    97 |   139 |   141 |    69 ||   497
Block: Buckler           |     3 |     4 |     5 |       |       |       |       ||    12
       Tower shield      |       |       |       |       |   134 |   323 |   263 ||   720

Table legend: (Time is in decaauts) A = Elapsed time spent in this place. B = Non-inter-level travel time spent in this place. C = Inter-level travel time spent in this place. D = Time resting spent in this place. E = Time spent auto-exploring this place. F = Levels seen in this place. G = Mean time per level. A B C D E F G +--------+--------+--------+--------+--------+-----+--------+ Total | 20770 | 20664 | 106 | 254 | 16166 | 1 | 20770.0 | Dungeon | 20770 | 20664 | 106 | 254 | 16166 | 1 | 20770.0 | +--------+--------+--------+--------+--------+-----+--------+

Top non-repeatable levels by time:
       D: 20770 daAuts
